Map: Forgotten Sanctuary

Players

darklord

  • Race: Protoss Protoss
  • Spawn Location: 9:00

PhatMango

  • Race: Terran Terran
  • Spawn Location: 12:00

JaySlays

  • Race: Terran Terran
  • Spawn Location: 9:00

Wolf

  • Race: Terran Terran
  • League: Diamond
  • Spawn Location: 12:00

Mrgonakillya

  • Race: Terran Terran
  • Spawn Location: 3:00

Aldariz

  • Race: Zerg Zerg
  • Spawn Location: 6:00

Avilo

  • Race: Zerg Zerg
  • League: Diamond
  • Spawn Location: 3:00

Goaky

  • Race: Protoss Protoss
  • Spawn Location: 6:00

VOD

Have the link to the VOD?

Description

Time

  • Played on: April 3, 2018, 11:41 p.m.
  • Length: 11:25
Show
View Real Time Build Order
Export as new Build Order

darklord Protoss 

Build Orders:  

Get SALT Encoding   

  12  0:01  Probe  
  13  0:14  Probe  
  14  0:26  Probe  
  15  0:31  Pylon  
  15  0:49  Probe  
  16  0:53  Gateway  
  16  0:59  Pylon  
  16  1:01  Probe (Chrono Boost)  
  17  1:05  Assimilator  
  17  1:13  Probe (Chrono Boost)  
  18  1:20  Probe (Chrono Boost)  
  19  1:27  Probe (Chrono Boost)  
  19  1:31  Assimilator  
  20  1:39  Probe (Chrono Boost)  
  21  1:41  Cybernetics Core  
  21  1:45  Probe (Chrono Boost)  
  22  1:54  Probe  
  23  2:06  Probe (Chrono Boost)  
  25  2:17  Probe (Chrono Boost)  
  25  2:21  Stargate  
  25  2:22  Probe (Chrono Boost)  
  26  2:32  Probe, Nexus  
  26  2:35  Assimilator  
  27  2:42  Forge  
  27  2:50  Probe, Assimilator  
  28  3:03  Stargate  
  28  3:15  Pylon  
  28  3:25  Photon Cannon  
  28  3:32  Void Ray (Chrono Boost)  
  28  3:33  Photon Cannon  
  32  3:49  Void Ray (Chrono Boost)  
  36  3:57  Probe  
  37  4:09  Probe  
  38  4:12  Void Ray (Chrono Boost)  
  42  4:21  Probe  
  43  4:37  Void Ray  
  39  5:12  Void Ray (Chrono Boost)  
  43  5:20  Void Ray (Chrono Boost)  
  43  6:14  Void Ray x2 (Chrono Boost)  
  47  6:51  Void Ray  
  51  7:02  Stargate  
  51  7:04  Pylon  
  51  7:06  Pylon  
  51  7:22  Void Ray  
  55  7:24  Stargate  
  59  7:38  Void Ray (Chrono Boost)  
  51  8:04  Void Ray (Chrono Boost)  
  51  8:12  Void Ray (Chrono Boost)  
  59  8:13  Probe (Chrono Boost)  
  59  8:14  Void Ray (Chrono Boost)  
  60  8:20  Void Ray (Chrono Boost)  
  60  8:23  Probe (Chrono Boost), Photon Cannon  
  61  8:43  Pylon  
  61  8:46  Pylon  
  61  8:47  Void Ray  
  65  8:50  Void Ray  
  69  9:04  Phoenix x2  
  73  9:29  Phoenix  
  59  9:33  Void Ray (Chrono Boost)  
  51  9:53  Phoenix (Chrono Boost)  
  53  10:03  Photon Cannon  
  53  10:05  Phoenix (Chrono Boost)  
  53  10:06  Photon Cannon  
Show
View Real Time Build Order
Export as new Build Order

PhatMango Terran 

Build Orders:  

Get SALT Encoding   

  12  0:01  SCV  
  13  0:13  SCV  
  14  0:25  SCV  
  15  0:33  Supply Depot  
  15  0:55  SCV  
  15  0:56  Barracks  
  16  1:07  SCV  
  17  1:19  SCV  
  18  1:29  Command Center  
  18  1:31  SCV  
  19  1:43  SCV  
  20  1:52  Refinery x2  
  20  1:56  Orbital Command  
  20  2:15  Supply Depot  
  20  2:22  SCV  
  21  2:34  SCV  
  22  2:42  Orbital Command  
  22  2:45  Supply Depot  
  22  2:46  SCV  
  23  2:57  Command Center  
  23  2:59  SCV  
  24  3:08  SCV  
  24  3:09  Factory  
  24  3:11  SCV  
  26  3:20  SCV  
  26  3:23  SCV  
  28  3:32  SCV  
  29  3:35  SCV  
  29  3:39  Factory  
  30  3:44  SCV  
  30  3:47  SCV  
  32  3:52  Refinery  
  32  3:53  Refinery  
  32  3:54  Factory Tech Lab  
  32  3:55  Supply Depot  
  32  3:56  SCV  
  32  3:59  SCV  
  34  4:05  Engineering Bay  
  34  4:08  SCV  
  34  4:09  Orbital Command  
  35  4:11  SCV  
  35  4:16  Siege Tank  
  39  4:18  Engineering Bay  
  39  4:21  SCV  
  40  4:27  Factory Tech Lab  
  40  4:30  Supply Depot, SCV  
  41  4:33  SCV  
  41  4:34  SCV  
  43  4:45  SCV  
  44  4:46  SCV  
  44  4:48  Siege Tank  
  44  4:52  Supply Depot  
  48  4:57  Barracks  
  48  5:01  SCV  
  48  5:02  SCV  
  48  5:03  Missile Turret  
  48  5:13  SCV  
  38  5:14  SCV  
  35  5:24  SCV  
  35  5:25  SCV  
  35  5:26  SCV  
  34  5:37  SCV x2  
  34  5:38  SCV  
  34  5:41  Siege Tank  
  40  5:49  SCV  
  37  5:50  SCV  
  32  6:01  SCV  
  32  6:03  Siege Tank, SCV  
  36  6:13  Siege Tank, SCV, Orbital Command  
  36  6:15  SCV  
  36  6:17  Refinery  
  36  6:18  Refinery  
  41  6:23  Starport  
  41  6:24  Starport  
  41  6:25  SCV  
  41  6:27  SCV  
  43  6:36  Siege Tank  
  43  6:38  SCV  
  43  6:39  SCV  
  42  6:50  Siege Tank, SCV  
  42  6:51  SCV  
  47  7:01  SCV  
  47  7:02  SCV  
  47  7:03  SCV  
  50  7:09  Starport Tech Lab  
  50  7:10  Starport Tech Lab  
  50  7:13  Supply Depot  
  50  7:14  SCV x2  
  50  7:15  Factory Tech Lab  
  52  7:16  Supply Depot  
  52  7:23  Siege Tank  
  52  7:26  SCV x2  
  57  7:38  SCV x2  
  57  7:39  Siege Tank  
  57  7:42  Supply Depot  
  62  7:45  Missile Turret  
  62  7:50  Supply Depot, SCV x2, Banshee  
  67  7:58  SCV  
  68  8:02  SCV x2  
  70  8:09  Siege Tank  
  70  8:10  SCV  
  74  8:14  SCV x2  
  74  8:16  Barracks  
  74  8:18  Barracks  
  76  8:22  Missile Turret, SCV  
  76  8:26  SCV x2  
  79  8:27  Missile Turret  
  79  8:29  Missile Turret  
  79  8:31  Missile Turret  
  79  8:32  Missile Turret  
  80  8:34  Missile Turret, SCV  
  80  8:35  Missile Turret  
  80  8:38  Fusion Core, Starport, SCV  
  80  8:39  SCV  
  80  8:40  Supply Depot  
  82  8:44  Hi-Sec Auto Tracking  
  82  8:46  SCV  
  83  8:50  SCV  
  83  8:51  SCV  
  83  8:52  Missile Turret  
  83  8:55  Missile Turret  
  84  8:58  SCV  
  84  9:02  SCV  
  84  9:06  Viking x2  
  82  9:10  SCV  
  82  9:13  Missile Turret x2  
  82  9:15  SCV, Viking  
  78  9:23  SCV  
  78  9:27  SCV  
  78  9:31  Missile Turret  
  79  9:32  Missile Turret  
  79  9:35  Missile Turret, SCV  
  79  9:36  Viking x2  
  79  9:37  Missile Turret  
  84  9:39  SCV  
  84  9:45  Viking  
  87  9:46  Missile Turret  
  87  9:47  SCV  
  87  9:51  SCV  
  87  9:53  Missile Turret  
  87  9:59  SCV  
  88  10:03  SCV  
  88  10:06  Viking x2  
  93  10:11  SCV  
  93  10:12  Armory  
  94  10:15  SCV, Viking  
  94  10:16  Factory  
  94  10:17  Missile Turret  
  97  10:23  Missile Turret, SCV  
  97  10:27  SCV  
  96  10:33  Barracks Reactor  
  96  10:34  Barracks Reactor  
  96  10:35  SCV  
  94  10:36  Viking  
  94  10:39  SCV  
  96  10:51  SCV  
  91  11:03  SCV  
Show
View Real Time Build Order
Export as new Build Order

JaySlays Terran 

Build Orders: MMM Bio 

Get SALT Encoding   

  12  0:01  SCV  
  13  0:13  SCV  
  14  0:19  Supply Depot  
  14  0:25  SCV  
  15  0:32  Refinery  
  15  0:41  SCV  
  16  0:51  Barracks  
  16  0:53  SCV  
  17  1:05  SCV  
  18  1:15  Barracks  
  18  1:17  SCV  
  19  1:29  SCV  
  20  1:38  Refinery  
  20  1:39  Supply Depot  
  20  1:46  Barracks Reactor, Orbital Command  
  20  2:16  Command Center  
  20  2:20  Barracks Tech Lab  
  20  2:30  Marine  
  20  2:31  Marine  
  22  2:41  Barracks  
  22  2:42  SCV  
  23  2:48  Stimpack  
  23  2:54  SCV  
  23  2:57  Marine x2  
  26  2:59  Marine  
  27  3:06  SCV  
  28  3:14  Marine  
  28  3:15  Marine  
  30  3:26  SCV  
  31  3:28  Marauder  
  31  3:31  Supply Depot  
  31  3:32  Barracks Tech Lab  
  33  3:42  SCV x2  
  33  3:45  Marine x2  
  37  3:50  Marauder  
  37  3:55  Combat Shields  
  39  4:03  Marine  
  39  4:04  SCV x2  
  42  4:11  Marauder  
  42  4:12  Marine x2  
  42  4:16  SCV  
  38  4:24  Marine  
  38  4:30  Marine  
  38  4:31  Marauder  
  38  4:32  Marine  
  38  4:36  Orbital Command  
  39  4:42  Marine  
  40  4:48  Marine  
  40  4:50  Marine  
  40  4:52  Marine  
  43  4:55  SCV  
  44  5:00  Marine  
  44  5:06  Marine  
  45  5:07  SCV  
  45  5:08  Marauder  
  45  5:10  Marauder  
  43  5:17  Marine  
  42  5:24  Marine  
  40  5:29  Marine  
  40  5:31  Marine  
  40  5:35  Marine  
  41  5:41  Marine  
  42  5:47  Marine  
  42  5:49  Marine  
  42  5:53  Marine  
  43  5:59  Marine  
  44  6:04  Marine  
  44  6:06  Marine  
  44  6:09  Engineering Bay  
  44  6:11  Marine  
  44  6:17  Marine  
  37  6:22  Marine  
  37  6:24  Marine  
  29  6:29  Marine  
  25  6:35  Marine  
  26  6:40  Marine  
  26  6:42  Marine  
  26  6:46  Marine  
  28  6:48  Factory  
  28  6:50  SCV  
  28  6:53  Marine  
  31  6:58  Marine  
  31  7:00  Marine  
  33  7:01  SCV  
  33  7:02  SCV  
  33  7:04  Marine  
  36  7:10  Marine  
  36  7:13  Missile Turret, SCV  
  36  7:14  SCV  
  39  7:16  Marine  
  39  7:18  Marine, Missile Turret  
  39  7:22  Marine  
  42  7:25  SCV  
  42  7:26  SCV  
  42  7:28  Marine  
  42  7:29  Terran Infantry Weapons Level 1  
  45  7:33  Marine  
  45  7:36  Marine  
  47  7:38  SCV x2  
  47  7:40  Marine  
  50  7:45  Engineering Bay  
  50  7:46  Marine  
  50  7:50  SCV x2  
  53  7:51  Marine  
  54  7:59  Supply Depot  
  54  8:02  Supply Depot  
  54  8:05  Starport  
  54  8:13  Terran Infantry Armor Level 1  
  54  8:20  Marine x3  
  54  8:21  Factory Reactor, SCV x2  
  54  8:24  Marine  
  60  8:29  Starport  
  60  8:32  Refinery  
  60  8:33  SCV x2  
  62  8:38  Marine x3  
  65  8:42  Marine  
  65  8:44  Barracks  
  65  8:45  SCV x2  
  65  8:48  Starport Reactor  
  68  8:56  Marine x2  
  70  9:06  Supply Depot  
  70  9:09  Supply Depot  
  70  9:13  Missile Turret  
  70  9:21  Starport Reactor  
  70  9:28  Marine x4, SCV x2  
  70  9:30  Supply Depot  
  76  9:32  Supply Depot  
  76  9:40  SCV  
  76  9:43  Missile Turret  
  77  9:45  Marine x2  
  77  9:46  Marine, Missile Turret  
  77  9:47  Missile Turret, SCV  
  77  9:50  Missile Turret  
  77  9:52  SCV  
  82  9:55  Marine  
  82  9:57  Barracks Reactor  
  82  9:59  SCV  
  84  10:03  Marine  
  84  10:04  SCV  
  86  10:07  Armory  
  86  10:14  Refinery  
  86  10:23  Medivac x2  
  86  10:27  Medivac x2  
  94  10:31  Marine  
  95  10:47  Marine x3  
  95  10:48  Marine x2  
  100  10:53  Medivac  
Show
View Real Time Build Order
Export as new Build Order

Wolf Terran 

Build Orders: MMM Bio 

Get SALT Encoding   

  12  0:11  SCV  
  13  0:23  Supply Depot, SCV  
  14  0:35  SCV  
  15  0:47  SCV  
  16  0:52  Barracks  
  16  0:54  Refinery  
  16  0:59  SCV  
  17  1:07  Barracks  
  17  1:11  SCV  
  18  1:28  SCV  
  19  1:34  Refinery  
  19  1:43  Barracks Tech Lab  
  19  1:45  Barracks  
  19  1:48  Orbital Command  
  19  2:02  Barracks Tech Lab  
  19  2:06  Marine  
  20  2:14  Stimpack  
  20  2:16  SCV  
  20  2:20  Supply Depot  
  21  2:34  Combat Shields  
  21  2:42  Marine x2  
  24  2:45  Barracks Reactor  
  24  2:48  SCV  
  24  2:49  Supply Depot  
  24  3:00  Marauder x2  
  24  3:03  SCV  
  29  3:21  Marine x2  
  29  3:22  Supply Depot  
  29  3:23  Marine x2  
  33  3:39  Marauder x2  
  33  3:41  Marine x2  
  38  3:45  Supply Depot  
  39  3:58  Marine  
  39  3:59  Marine  
  39  4:01  Marauder x2  
  45  4:05  Concussive Shells  
  27  4:31  Marine x3  
  27  4:32  Marine  
  26  4:58  Marine x3  
  22  5:16  Marine  
  22  5:29  Marine  
  23  5:39  Marine x2  
  25  5:47  Marauder  
  24  5:51  SCV  
  24  5:56  Marine  
  24  5:57  Marine  
  27  6:15  Marine x2, Marauder  
  27  6:18  SCV  
  27  6:32  Marine  
  27  6:36  Marauder  
  27  6:40  Marine  
  28  6:50  Marine  
  26  6:58  Marauder  
  26  6:59  Marine  
  28  7:08  SCV  
  29  7:10  Marine  
  30  7:17  Marine  
  30  7:19  Marauder  
  33  7:28  Marine  
  33  7:29  Barracks  
  30  7:34  Marine  
  29  7:40  Marauder  
  31  7:46  Marine  
  31  7:47  SCV  
  33  7:52  Marine  
  33  7:56  Supply Depot  
  34  8:02  Marauder  
  34  8:04  Marine  
  37  8:09  Command Center  
  37  8:10  Marine  
  38  8:15  Barracks Reactor  
  38  8:23  Marine, Marauder  
  41  8:28  Marine  
  42  8:37  Factory  
  42  8:41  Marine  
  43  8:44  Marine  
  43  8:46  Marine  
  35  9:01  Marine x3  
  35  9:02  Marine  
  37  9:04  Marine  
  39  9:24  Marine, SCV  
  40  9:36  SCV  
  30  10:03  SCV  
  31  10:15  SCV  
  31  10:32  SCV  
  32  10:44  SCV  
Show
View Real Time Build Order
Export as new Build Order

Mrgonakillya Terran 

Build Orders: Cyclone Opening 

Get SALT Encoding   

  12  0:01  SCV  
  13  0:13  SCV  
  14  0:20  Supply Depot  
  14  0:25  SCV  
  15  0:42  SCV  
  16  0:43  Barracks  
  16  0:48  Refinery  
  16  0:51  Refinery  
  16  0:55  SCV  
  17  1:07  SCV  
  18  1:19  SCV  
  20  1:34  Orbital Command  
  19  1:45  Factory  
  19  1:54  Factory  
  19  1:59  SCV  
  20  2:10  Supply Depot  
  20  2:12  Barracks Reactor, SCV  
  21  2:24  SCV  
  22  2:33  Cyclone  
  22  2:36  SCV  
  26  2:45  Cyclone  
  26  2:48  Supply Depot  
  29  2:52  Supply Depot  
  29  3:05  SCV  
  30  3:07  Cyclone  
  30  3:08  Marine x2  
  35  3:17  Cyclone  
  38  3:31  SCV  
  39  3:34  Marine x2  
  39  3:39  Cyclone  
  44  3:52  Marine, Cyclone  
  44  3:53  Marine  
  49  4:09  Marine  
  49  4:11  Marine  
  41  4:27  Marine  
  41  4:31  Marine, Cyclone  
  43  4:45  Marine  
  41  5:11  Cyclone x2  
  41  5:12  Marine x2  
  49  5:19  SCV  
  49  5:27  Command Center  
  31  6:05  Starport, Engineering Bay  
  31  6:07  Engineering Bay  
  31  6:09  SCV  
  32  6:15  Barracks Tech Lab  
  32  6:21  SCV  
  33  6:33  SCV  
  33  6:34  Factory Tech Lab, Terran Infantry Weapons Level 1, Terran Infantry Armor Level 1  
  33  6:37  Armory  
  33  6:38  Factory Tech Lab  
  33  6:40  Barracks  
  33  6:45  SCV  
  27  6:58  Starport Reactor  
  27  7:00  SCV  
  27  7:01  SCV  
  32  7:08  Siege Tank  
  32  7:12  SCV  
  32  7:13  SCV  
  34  7:17  Stimpack  
  34  7:24  SCV  
  34  7:25  Orbital Command  
  35  7:35  Barracks Reactor  
  35  7:36  SCV  
  36  7:38  Barracks, Medivac  
  38  7:44  Refinery  
  38  7:45  Refinery  
  38  7:48  SCV  
  39  7:56  Marine  
  40  8:00  SCV  
  40  8:03  Medivac  
  43  8:07  SCV  
  44  8:13  SCV  
  44  8:14  Marine  
  44  8:19  Medivac, SCV  
  49  8:20  Marine  
  49  8:21  Marine  
  51  8:31  SCV  
  51  8:33  Barracks Reactor  
  52  8:38  Medivac  
  52  8:39  Marine x2  
  56  8:43  Terran Infantry Weapons Level 2  
  56  8:46  Marine  
  57  8:53  SCV  
  58  8:57  Marine x2  
  60  9:04  Command Center  
  60  9:08  Marine  
  61  9:10  Marine x2  
  61  9:12  Medivac x2  
  61  9:14  Marine x2  
  69  9:19  SCV  
  70  9:33  Supply Depot  
  70  9:34  Marine x2, Supply Depot, SCV  
  70  9:36  Supply Depot  
  73  9:39  Supply Depot  
  73  9:45  Marine x3  
  74  9:49  Combat Shields  
  74  9:51  Marine x2  
  78  9:59  SCV  
  79  10:03  Marine, Supply Depot  
  79  10:05  Supply Depot  
  79  10:06  Marine  
  81  10:07  Marine  
  81  10:09  Marine x2, SCV  
  85  10:16  Missile Turret, Planetary Fortress  
  85  10:21  Marine  
  86  10:24  Marine  
  86  10:25  Marine  
  88  10:29  Marine  
  88  10:30  Marine  
  90  10:38  Marine  
  90  10:41  Marine  
  90  10:42  Supply Depot  
  92  10:43  Marine  
  92  10:44  Supply Depot  
  92  10:47  Marine  
  92  10:48  Marine  
  95  10:55  Barracks, SCV  
  95  10:56  Marine  
  97  10:59  Marine  
  97  11:01  Marine  
  99  11:05  Marine x2  
Show
View Real Time Build Order
Export as new Build Order

Aldariz Zerg 

Build Orders: Hatch First 

Get SALT Encoding   

  12  0:01  Drone  
  13  0:12  Drone  
  14  0:19  Extractor  
  14  0:21  Extractor  
  12  0:23  Drone x2  
  16  0:48  Hatchery  
  15  0:52  Overlord  
  15  1:07  Spawning Pool  
  14  1:13  Drone  
  14  1:14  Drone  
  16  1:18  Drone  
  16  1:22  Extractor  
  16  1:26  Drone  
  17  1:36  Drone  
  18  1:47  Drone  
  19  1:56  Drone  
  19  1:57  Queen  
  19  2:00  Queen  
  24  2:03  Overlord  
  24  2:09  Drone  
  24  2:15  Drone  
  26  2:23  Zergling x2  
  26  2:25  Zergling x2  
  26  2:27  Metabolic Boost  
  28  2:35  Overlord  
  28  2:41  Drone  
  29  2:48  Baneling Nest  
  29  2:49  Zergling x4  
  30  2:56  Zergling x2  
  31  3:00  Zergling x2  
  32  3:14  Overlord  
  32  3:15  Zergling x6  
  32  3:19  Overlord  
  35  3:26  Zergling x2  
  36  3:35  Zergling x2  
  36  3:36  Zergling x2  
  36  3:38  Zergling x6  
  41  3:49  Zergling x8  
  41  3:55  Zergling x6  
  48  4:04  Zergling x2  
  48  4:09  Zergling x2  
  50  4:11  Zergling x4  
  45  4:33  Baneling x3  
  45  4:39  Zergling x6  
  45  4:44  Lair  
  35  5:17  Zergling x6  
  35  5:18  Zergling x4  
  40  5:25  Drone x4  
  40  5:28  Drone  
  45  5:33  Hatchery  
  39  5:56  Zergling x6  
  42  6:01  Drone x6  
  46  6:06  Extractor  
  46  6:09  Hydralisk Den  
  42  6:17  Zergling x2  
  41  6:31  Hatchery  
  37  6:42  Zergling x8  
  37  6:44  Zergling x12  
  37  6:47  Queen  
  46  6:49  Drone  
  48  7:00  Zergling x8  
  51  7:08  Drone x2  
  53  7:14  Zergling x2  
  53  7:15  Zergling x6  
  57  7:22  Baneling x2  
  57  7:23  Baneling  
  57  7:26  Queen  
  45  7:57  Drone x3  
  48  8:06  Drone x4  
  48  8:07  Drone x3  
  48  8:10  Extractor  
  54  8:13  Extractor  
  54  8:16  Hydralisk  
  54  8:17  Hydralisk x4  
  54  8:19  Overlord x2  
  63  8:21  Overlord x2  
  63  8:26  Extractor  
  62  8:28  Extractor, Overlord  
  62  8:29  Overlord x2  
  61  8:40  Drone x2  
  63  8:42  Drone x6  
  69  8:54  Drone  
  69  8:55  Drone x2  
  72  9:01  Drone  
  72  9:02  Drone x3  
  76  9:04  Drone x2  
  76  9:06  Queen  
  76  9:07  Drone x3  
  83  9:15  Evolution Chamber, Muscular Augments  
  82  9:22  Evolution Chamber  
  82  9:23  Centrifical Hooks  
  81  9:24  Infestation Pit  
  81  9:29  Hydralisk x4  
  88  9:34  Drone x6  
  94  9:45  Drone x6  
  98  9:52  Overlord x3  
  100  9:55  Extractor  
  100  9:57  Extractor  
  98  10:06  Hydralisk x3  
  102  10:12  Hive  
  102  10:13  Hydralisk x4  
  112  10:18  Drone  
  112  10:19  Drone  
  114  10:26  Drone x3  
  117  10:29  Baneling x2  
  117  10:36  Hydralisk x3  
  117  10:37  Hydralisk x4  
  131  10:43  Drone  
  131  10:44  Zergling x2  
  131  10:45  Zergling x6  
  131  10:49  Drone x2  
  142  11:20  Lurker Den  
Show
View Real Time Build Order
Export as new Build Order

Avilo Zerg 

Build Orders: Pool First, Muta Ling Bane 

Get SALT Encoding   

  12  0:06  Drone  
  13  0:19  Drone  
  14  0:24  Extractor  
  14  0:25  Extractor, Drone x2  
  16  0:30  Overlord  
  17  0:50  Drone  
  17  0:53  Drone  
  18  0:57  Extractor  
  18  0:59  Spawning Pool  
  16  1:06  Drone  
  17  1:21  Hatchery  
  16  1:49  Queen  
  16  1:53  Drone x3  
  21  2:13  Metabolic Boost  
  22  2:15  Zergling x2  
  22  2:17  Overlord  
  22  2:34  Queen  
  22  2:36  Drone  
  26  2:37  Drone x2  
  26  2:38  Queen  
  29  2:47  Zergling x4  
  31  3:01  Zergling x6  
  34  3:15  Extractor  
  33  3:26  Queen  
  35  3:29  Overlord  
  35  3:34  Overlord  
  35  3:44  Drone  
  35  3:47  Queen  
  38  3:52  Drone x3  
  41  3:56  Drone x2  
  41  3:57  Drone  
  41  4:02  Queen  
  46  4:08  Spore Crawler  
  45  4:10  Spore Crawler  
  45  4:16  Drone x2  
  45  4:17  Drone  
  47  4:22  Queen  
  46  4:57  Drone x3  
  46  4:58  Drone, Zergling x2  
  46  4:59  Zergling x2  
  51  5:00  Overlord  
  51  5:01  Overlord x3  
  51  5:21  Lair  
  51  5:23  Extractor  
  51  5:25  Drone x2, Extractor  
  51  5:26  Drone x3  
  53  5:28  Drone  
  53  5:30  Drone  
  53  5:32  Drone, Hatchery  
  55  5:45  Drone x5  
  55  5:46  Drone  
  61  6:02  Zergling x10  
  61  6:03  Zergling x2  
  67  6:14  Hatchery  
  66  6:27  Spire  
  66  6:32  Drone, Baneling Nest  
  65  6:34  Drone x2  
  65  6:36  Drone  
  65  6:37  Drone x4  
  65  6:38  Drone  
  65  6:39  Drone  
  74  6:40  Drone  
  74  6:42  Drone  
  76  7:14  Zergling x10  
  80  7:18  Centrifical Hooks  
  80  7:39  Mutalisk  
  80  7:40  Mutalisk  
  80  7:41  Mutalisk x5  
  80  7:43  Overlord x3  
  80  7:44  Overlord x3  
  91  8:11  Mutalisk  
  91  8:12  Mutalisk x6  
  99  8:13  Mutalisk x4  
  113  8:29  Zerg Flyer Weapons Level 1  
  113  8:35  Extractor  
  113  8:36  Extractor  
  111  8:51  Mutalisk x2  
  111  8:52  Mutalisk  
  111  8:53  Hatchery  
  111  8:55  Extractor  
  113  9:00  Extractor  
  104  9:24  Mutalisk x2  
  104  9:25  Mutalisk x2  
  104  9:26  Zergling x2  
  104  9:27  Zergling x8  
  104  9:28  Zergling x20  
  104  9:29  Zergling x16  
  104  9:30  Overlord x4  
  135  10:39  Corruptor x5  
  135  10:40  Corruptor x2  
Show
View Real Time Build Order
Export as new Build Order

Goaky Protoss 

Build Orders:  

Get SALT Encoding   

  12  0:02  Probe  
  13  0:14  Pylon  
  13  0:19  Probe  
  14  0:31  Probe  
  15  0:40  Gateway  
  15  0:43  Probe  
  15  0:47  Assimilator  
  16  0:55  Probe, Assimilator  
  17  1:06  Pylon  
  17  1:07  Probe  
  18  1:19  Probe  
  19  1:32  Probe (Chrono Boost)  
  20  1:38  Cybernetics Core  
  20  1:44  Probe (Chrono Boost)  
  21  1:52  Probe (Chrono Boost)  
  22  1:58  Probe  
  23  2:14  Nexus  
  23  2:25  Stargate  
  23  2:34  Stargate  
  23  2:45  Pylon  
  23  2:48  Pylon  
  23  3:04  Assimilator  
  23  3:09  Assimilator  
  23  3:12  Void Ray  
  27  3:20  Probe  
  29  3:27  Probe  
  29  3:32  Probe  
  30  3:39  Probe  
  31  3:44  Probe  
  32  3:50  Void Ray  
  32  3:51  Probe (Chrono Boost)  
  37  3:59  Probe (Chrono Boost)  
  39  4:03  Probe (Chrono Boost)  
  39  4:09  Probe (Chrono Boost)  
  41  4:11  Probe (Chrono Boost)  
  41  4:14  Probe (Chrono Boost)  
  42  4:17  Probe  
  42  4:20  Stargate  
  43  4:28  Stargate  
  43  4:29  Probe  
  44  4:35  Pylon  
  44  4:38  Pylon  
  44  4:42  Protoss Air Weapons Level 1  
  44  4:53  Void Ray  
  48  5:06  Void Ray  
  52  5:54  Void Ray x3  
  52  5:55  Void Ray  
  52  6:40  Void Ray x2  
  52  6:41  Void Ray x2  
  68  6:49  Protoss Air Armor Level 1  
  68  6:59  Pylon  
  68  7:01  Pylon  
  68  7:03  Pylon  
  68  7:23  Void Ray x2  
  68  7:28  Void Ray  
  80  7:30  Probe (Chrono Boost)  
  81  7:42  Probe (Chrono Boost)  
  82  7:47  Probe (Chrono Boost)  
  83  7:56  Probe  
  84  8:02  Nexus  
  84  8:08  Probe  
  84  8:10  Void Ray  
  89  8:21  Probe, Void Ray  
  94  8:31  Void Ray  
  98  8:40  Void Ray  
  102  8:45  Pylon  
  102  8:50  Pylon  
  102  8:54  Pylon  
  102  8:57  Pylon  
  102  9:01  Pylon  
  102  9:14  Probe (Chrono Boost)  
  104  9:25  Probe (Chrono Boost)  
  104  9:29  Probe (Chrono Boost)  
  101  9:41  Probe  
  101  9:42  Void Ray x3  
  101  9:45  Void Ray  
  118  9:53  Probe  
  119  10:05  Probe  
  120  10:09  Nexus  
  120  10:14  Assimilator  
  120  10:16  Assimilator  
  120  10:17  Probe  
  121  10:29  Probe  
  121  10:30  Void Ray x2  
  130  10:38  Void Ray  
  130  10:41  Probe  
  139  10:53  Probe  
  140  11:05  Probe  
  141  11:17  Pylon  
  141  11:18  Pylon x2  
  146  11:19  Pylon  
  146  11:22  Pylon  
  146  11:23  Pylon  
Tags
 
Add a new tag
Caveats
  • Supply blocks, unpowered buildings, or Contaminate may cause inaccurate times.
  • Supply counts are checked every 10 seconds.